 Dungeon Crawl Stone Soup version 0.20-a0-509-ga2a529b (webtiles) character file.

98 M4edhros the Vexing (level 5, 0/39 HPs)
             Began as a Formicid Arcane Marksman on Jan 22, 2017.
             Slain by a river rat (3 damage)
             ... in a sewer.
             The game lasted 00:01:24 (1254 turns).

M4edhros the Vexing (Formicid Arcane Marksman)      Turns: 1254, Time: 00:01:25

Health: 0/39       AC:  2    Str: 14    XL:     5   Next: 1%
Magic:  6/6        EV: 12    Int: 13    God:
Gold:   138        SH:  0    Dex: 12    Spells: 5/6 levels left

rFire    . . .     SeeInvis +   a - +0 hand crossbow
rCold    + . .     Gourm    .   e - +0 robe
rNeg     . . .     Faith    .   (no shield)
rPois    .         Spirit   .   (helmet unavailable)
rElec    .         Reflect  .   (no cloak)
rCorr    .         Harm     .   (no gloves)
MR       .....                  (no boots)
Stlth    +.........             (no amulet)
Regen    0.2/turn               (no ring)
                                g - ring of protection from cold

@: no status effects
A: permanent stasis, dig shafts and tunnels, four strong arms, antennae 3
a: Dig, Shaft Self


You were in a sewer.
You were very hungry.

You visited 1 branch of the dungeon, and saw 3 of its levels.
You also visited: Sewer.

You collected 138 gold pieces.

Inventory:

Hand Weapons
 a - a +0 hand crossbow (weapon)
Missiles
 d - a bolt (quivered)
Armour
 e - a +0 robe (worn)
Jewellery
 g - a ring of protection from cold (left hand)
Scrolls
 b - 4 scrolls of identify {unknown}
 i - a scroll of teleportation {unknown}
 m - 2 scrolls of fog {unknown}
 n - a scroll of amnesia {unknown}
Potions
 h - 2 potions of haste {unknown}
 j - a potion of flight {unknown}
 k - a potion of resistance {unknown}
Books
 c - a book of Debilitation

   Spells                             Type                      Level
   a - Corona                         Hexes                        1
   b - Slow                           Hexes                        2
   c - Gell's Gravitas                Hexes/Translocation          3
   d - Inner Flame                    Hexes/Fire                   3
   e - Cause Fear                     Hexes                        4
   f - Leda's Liquefaction            Hexes/Earth                  4
Comestibles
 f - 2 bread rations


   Skills:
 + Level 2.5 Fighting
 * Level 3.6 Crossbows
 - Level 1.7 Dodging
 - Level 1.1 Spellcasting
 + Level 4.3 Hexes


You had 5 spell levels left.
You knew the following spells:

 Your Spells              Type           Power        Failure   Level  Hunger
a - Corona                Hex            ##.....      6%          1    ##.....


Dungeon Overview and Level Annotations

Branches:
Dungeon (3/15)

Altars:
Kikubaaqudgha
Trog


Innate Abilities, Weirdness & Mutations

You cannot be hasted, slowed, berserked, paralysed or teleported.
You can dig through walls and to a lower floor.
Your four strong arms can wield two-handed weapons with a shield.
You have a pair of large antennae on your head. (SInv)


Message History

You are feeling very hungry.
The river rat barely misses you. The rat barely misses you.
Firing (i - inventory):
d - 3 bolts (quivered)
Press: ? - help, Shift-Dir - straight line, f - river rat, p - rat
Aim: a river rat (moderately wounded)
You shoot a bolt. The bolt hits the river rat.
The river rat is heavily wounded.
The river rat bites you! The rat misses you. The river rat bites you!
* * * LOW HITPOINT WARNING * * *
Firing (i - inventory):
d - 2 bolts (quivered)
Press: ? - help, Shift-Dir - straight line, f/p - river rat
Aim: a river rat (heavily wounded)
You shoot a bolt.
The bolt completely misses the river rat.
The rat bites you.
* * * LOW HITPOINT WARNING * * *
The rat bites you.
* * * LOW HITPOINT WARNING * * *
The river rat bites you.
You die...

≈≈≈≈≈≈.....#
≈≈≈≈(≈≈....
≈≈≈≈≈.....#
≈≈≈≈≈≈....#
≈≈≈≈≈≈...#
≈≈≈≈≈≈...####
≈≈≈≈≈...###∩#
≈≈≈≈≈.(r###.#
≈≈≈≈≈..r@#..#
≈≈≈≈≈≈.r...##
.≈≈≈≈≈.....#
.≈≈≈≈.....##
.≈≈.......##
.≈≈........##
.≈≈.........##
≈≈.......#..#
≈≈.....###.#


You could see a river rat and 2 rats.

Vanquished Creatures
  3 gnolls (D:2)
  2 adders (D:2)
  2 oozes (D:1)
  2 dart slugs
  3 leopard geckos (D:3)
  4 bats
  2 giant cockroaches (D:3)
  2 hobgoblins
  4 kobolds
  A quokka (D:2)
  6 frilled lizards
  A goblin (D:2)
  9 rats
41 creatures vanquished.

Notes
Turn   | Place    | Note
-------+----------+-------------------------------------------
     0 | D:1      | M4edhros the Formicid Arcane Marksman began the quest for the Orb.
     0 | D:1      | Reached XP level 1. HP: 15/15 MP: 2/2
    27 | D:1      | Reached XP level 2. HP: 16/21 MP: 3/3
   150 | D:1      | Reached XP level 3. HP: 27/27 MP: 4/4
   309 | D:1      | Reached skill level 4 in Hexes
   610 | D:2      | Reached XP level 4. HP: 33/33 MP: 5/5
   617 | D:2      | Found a bloodstained altar of Trog.
   680 | D:2      | Found an ancient bone altar of Kikubaaqudgha.
  1090 | D:3      | Found a glowing drain.
  1130 | D:3      | Reached XP level 5. HP: 26/39 MP: 6/6
  1146 | Sewer    | Entered a sewer
  1254 | Sewer    | Slain by a river rat

Vault maps used:
D:1:      minmay_arrival_four_loops, minmay_pentomino_t2
D:2:      lemuel_crystal_altar, kiku_gazebo_pond_becter, fountainhead, hex_tiny
D:3:      old_standard_altar, gup_sewer_entry_pipe, uniq_natasha
Sewer:    sewer_minmay_treatment

Skill      XL: |  1  2  3 |
---------------+----------+-----
Hexes          | 4 |  4.3
Fighting       | 2 |  2.5
Crossbows      | 3 |  3.6
Dodging        | |  1.7
Spellcasting   | |  1.1

Action                   |  1- 3 |  4- 6 || total
-------------------------+-------+-------++-------
Melee: Unarmed           |       |    28 ||    28
 Fire: Hand crossbow     |    47 |    44 ||    91
Armor: Robe              |     1 |     4 ||     5
Dodge: Dodged            |     8 |    40 ||    48
